AoeStats
← miguelon01

Arena

510152279Analyzed
4v4 RM · 2d ago on Sep 29, 2026· 35m 7s· 8 players
Game mode
Random Map
Map size
Large (8 player)
Population
200
Speed
Normal
Resources
Standard
Victory
Conquest
Starting age
Dark Age
Ending age
Imperial Age
RankedLock teamsTeams togetherTeam positionsShared explorationLock speedFull tech treeHidden civsTurbo modeCheats
Victory
Defeat
🇧🇷 Celts · Brazil
1118
+15
🇮🇹 Vietnamese · Italy
1112
+15
🇹🇷 Danes · Türkiye
1052
+18
🇹🇷 Huns · Türkiye
1031
+18
🇬🇧 Poles · United Kingdom
1135
-18
🇩🇪 Goths · Germany
1106
-17
🇳🇱 Bohemians · Netherlands
1091
-17
🇩🇪 Italians · Germany
1021
-14
tobias-bayer90
12:43 Feudal Age
13:30 Double-Bit Axe
13:43 Horse Collar
18:15 Castle Age
33:07 Imperial Age
30:28 Pikeman
31:09 Squires
31:22 Forging
31:12 Scale Mail Armor
32:46 Iron Casting
33:53 Perfusion
33:15 Halberdier
Shadowman37
13:59 Feudal Age
18:53 Castle Age
18:42 Double-Bit Axe
18:40 Horse Collar
28:42 Man-at-Arms
30:37 Gold Mining
30:41 Long Swordsman
ecm2002
10:13 Feudal Age
15:16 Castle Age
14:09 Double-Bit Axe
14:40 Horse Collar
19:37 Bow Saw
19:29 Heavy Plow
23:51 Forging
24:17 Scale Barding Armor
24:27 Bloodlines
25:55 Iron Casting
25:24 Husbandry
26:53 Szlachta Privileges
27:00 Loom
29:37 Chain Barding Armor
29:38 Stone Mining
29:46 Gold Mining
30:44 Wheelbarrow
30:02 Town Watch
30:14 Fletching
30:09 Pikeman
32:18 Squires
32:58 Hand Cart
32:44 Town Patrol
37:09 Imperial Age
BlandToaster625
10:25 Feudal Age
10:28 Feudal Age
14:26 Castle Age
12:43 Double-Bit Axe
13:37 Horse Collar
15:21 Bow Saw
23:59 Imperial Age
23:31 Chemistry
23:06 Loom
23:06 Town Watch
23:56 Wheelbarrow
23:31 Heavy Plow
27:36 Two-Man Saw
30:06 Hand Cart
29:51 Town Patrol
30:22 Padded Archer Armor
30:29 Houfnice
31:31 Leather Archer Armor
31:40 Pikeman
32:20 Squires
33:03 Ring Archer Armor
32:45 Forging
32:35 Scale Mail Armor
32:54 Halberdier
35:17 Iron Casting
34:57 Chain Mail Armor
35:13 Fortified Wall
Tikka Masala
11:04 Feudal Age
15:29 Castle Age
14:29 Double-Bit Axe
14:25 Horse Collar
16:37 Bow Saw
16:54 Heavy Plow
18:08 Loom
20:10 Wheelbarrow
20:09 Loom
21:15 Gold Mining
23:01 Hand Cart
27:51 Imperial Age
26:12 Scale Barding Armor
27:15 Chain Barding Armor
27:00 Chatras
28:25 Bloodlines
28:15 Husbandry
27:54 Elite Battle Elephant
29:11 Forging
30:46 Elite Skirmisher
33:22 Iron Casting
Crimson_Tide
5:35 Loom
11:09 Feudal Age
16:42 Castle Age
14:31 Double-Bit Axe
14:29 Horse Collar
18:32 Wheelbarrow
21:29 Stone Mining
25:26 Hand Cart
25:34 Heavy Plow
29:00 Imperial Age
26:45 Gold Mining
27:07 Fletching
27:18 Padded Archer Armor
27:19 Scale Mail Armor
27:29 Forging
28:03 Bow Saw
27:42 Town Watch
28:46 Ballistics
28:23 Bodkin Arrow
29:18 Squires
29:03 Gambesons
29:05 Arson
28:40 Pikeman
30:30 Leather Archer Armor
31:29 Chemistry
33:29 Murder Holes
33:45 Masonry
33:54 Chain Mail Armor
34:14 Iron Casting
33:33 Elite Varangian Guard
Prof. Dr. Abuzer KÖMÜRCÜ
9:23 Feudal Age
10:35 Horse Collar
16:50 Castle Age
15:04 Double-Bit Axe
16:37 Loom
19:54 Heavy Plow
20:56 Bow Saw
22:16 Wheelbarrow
27:13 Imperial Age
25:29 Scale Barding Armor
25:43 Forging
27:44 Iron Casting
27:30 Chain Barding Armor
27:24 Marauders
28:16 Bloodlines
32:58 Blast Furnace
32:33 Plate Barding Armor
34:17 Elite Tarkan
35:18 Conscription
miguelon01
13:03 Feudal Age
18:11 Castle Age
15:59 Double-Bit Axe
15:57 Horse Collar
16:16 Gold Mining
16:42 Stone Mining
17:18 Stone Mining
18:55 Wheelbarrow
18:57 Pikeman
23:36 Scale Mail Armor
25:48 Forging
34:38 Imperial Age
33:26 Chain Mail Armor
Connection lost

Rejoining the realm…

Still unreachable

The connection could not be restored.

Session expired

The server has moved on; the page needs a fresh start.